Map: Catalyst LE

Players

Camazotz

  • Race: Protoss Protoss
  • Spawn Location: 11:00

DARPAChieff - Winner!

  • Race: Zerg Zerg
  • League: Gold
  • Spawn Location: 5:00

VOD

Have the link to the VOD?

Description

Rekt this cannon rushing noob protoss nerd

Time

  • Played on: Aug. 10, 2018, 2:38 p.m.
  • Length: 27:45
Show
View Real Time Build Order
Export as new Build Order

Camazotz Protoss 

Build Orders: Cannon Rush 

Get SALT Encoding   

  12  0:01  Probe  
  13  0:09  Probe  
  14  0:23  Pylon  
  14  0:30  Assimilator  
  14  0:32  Probe  
  15  0:51  Pylon  
  15  1:02  Forge  
  15  1:04  Probe  
  16  1:13  Gateway  
  16  1:17  Probe  
  17  1:39  Photon Cannon  
  17  1:42  Photon Cannon  
  17  1:46  Photon Cannon  
  17  1:58  Photon Cannon  
  17  2:08  Zealot  
  19  2:24  Cybernetics Core  
  19  2:35  Zealot  
  21  2:40  Photon Cannon  
  21  2:43  Gateway  
  21  2:52  Pylon  
  21  2:56  Probe  
  22  3:02  Zealot  
  24  3:22  Assimilator  
  24  3:29  Zealot  
  24  3:30  Zealot  
  28  3:37  Pylon  
  28  3:40  Shield Battery  
  28  3:56  Zealot  
  28  3:57  Zealot  
  28  3:58  Shield Battery  
  30  4:46  Zealot  
  30  4:48  Zealot  
  34  5:12  Stargate  
  34  5:14  Zealot  
  36  5:16  Stargate  
  36  6:07  Stalker  
  36  6:08  Stalker  
  40  6:37  Stalker  
  40  7:02  Stalker  
  40  7:07  Stalker  
  44  7:11  Pylon  
  44  7:19  Nexus  
  44  7:37  Stalker  
  46  7:54  Stalker  
  48  8:07  Stalker  
  50  8:24  Stalker  
  48  9:18  Nexus  
  47  10:01  Assimilator  
  47  10:07  Assimilator  
  47  10:35  Pylon  
  47  10:47  Pylon  
  47  10:50  Pylon  
  47  11:08  Stalker x2  
  47  11:09  Probe  
  52  11:11  Pylon  
  52  11:13  Pylon  
  52  11:21  Probe  
  52  11:24  Forge  
  53  11:31  Cybernetics Core  
  53  11:35  Probe  
  55  11:47  Probe  
  55  11:59  Probe  
  55  12:00  Protoss Ground Weapons Level 1  
  56  12:11  Probe  
  57  12:23  Probe  
  58  12:35  Probe  
  59  12:38  Shield Battery  
  59  12:42  Photon Cannon  
  59  12:47  Probe  
  60  12:51  Robotics Facility  
  60  12:59  Probe  
  60  13:02  Pylon  
  28  14:22  Stalker  
  28  14:23  Stalker  
  29  14:41  Nexus  
  29  16:04  Pylon  
  28  16:09  Probe  
  28  16:18  Assimilator  
  29  16:29  Zealot  
  29  16:30  Zealot  
  32  16:41  Forge  
  32  16:45  Cybernetics Core  
  22  17:30  Photon Cannon  
  22  17:34  Pylon  
  22  17:38  Photon Cannon  
  22  17:42  Photon Cannon  
  18  18:07  Pylon  
  18  18:10  Pylon  
  18  18:11  Nexus  
  18  18:12  Stalker  
  20  18:13  Stalker  
  22  18:33  Photon Cannon  
  22  18:47  Shield Battery  
  22  19:06  Stalker x2  
  26  19:27  Pylon  
  26  19:33  Pylon  
  26  19:50  Photon Cannon  
  26  19:53  Photon Cannon  
  26  19:55  Probe  
  26  21:31  Nexus  
  26  22:51  Pylon  
  26  23:11  Stalker  
  28  23:25  Photon Cannon  
  28  23:40  Assimilator  
  28  23:47  Stalker  
  30  24:19  Stalker  
  28  24:58  Stalker x2  
  32  25:24  Probe  
  32  25:28  Stalker x2  
  37  25:36  Probe  
  36  26:04  Stalker  
  38  26:20  Stalker  
  32  26:34  Stalker  
Show
View Real Time Build Order
Export as new Build Order

DARPAChieff Zerg - Winner!

Build Orders: Pool First 

Get SALT Encoding   

  12  0:04  Drone  
  13  0:24  Drone  
  14  0:30  Spawning Pool  
  13  0:38  Overlord  
  13  0:40  Drone  
  14  0:54  Overlord  
  14  0:59  Overlord  
  14  1:02  Drone  
  15  1:29  Queen  
  15  1:32  Drone x2  
  19  1:50  Hatchery  
  18  1:59  Extractor  
  17  2:01  Extractor  
  17  2:05  Queen  
  17  2:08  Drone x3  
  21  3:16  Lair  
  21  3:28  Roach Warren  
  20  3:38  Drone x5  
  20  3:39  Drone  
  26  3:47  Zergling x2  
  26  3:48  Zergling x4  
  28  4:17  Roach x5  
  28  4:18  Roach  
  38  4:34  Glial Reconstitution  
  38  5:09  Overlord x5  
  38  5:53  Tunneling Claws  
  38  5:54  Spawning Pool  
  37  6:00  Roach x4  
  37  6:01  Roach x2  
  49  6:05  Ravager x4  
  53  6:16  Nydus Network  
  54  6:32  Roach  
  54  6:33  Roach  
  56  6:57  Ravager  
  56  6:58  Ravager  
  58  7:11  Nydus Canal  
  57  7:37  Ravager  
  57  7:39  Ravager  
  58  7:53  Roach x2  
  58  7:55  Zergling x2  
  58  7:56  Zergling x6  
  66  8:38  Roach x3  
  62  9:20  Hatchery  
  61  10:59  Extractor  
  60  11:39  Overlord x3  
  60  11:56  Extractor  
  59  12:07  Burrow  
  59  12:17  Overlord x3  
  59  13:21  Hatchery  
  59  13:26  Hatchery  
  42  15:28  Drone x3  
  45  15:30  Drone x3  
  48  16:34  Spawning Pool  
  44  18:01  Drone  
  44  18:02  Drone x2  
  44  18:04  Drone  
  44  18:05  Drone x2  
  50  18:23  Roach Warren, Lair  
  46  20:05  Hatchery  
  45  20:35  Hatchery  
  44  20:38  Hatchery  
  43  20:43  Hatchery  
  43  20:47  Hatchery  
  41  20:50  Hatchery  
  38  21:20  Drone  
  38  21:21  Drone x2  
  41  22:26  Drone x3  
  41  22:28  Drone x3  
  47  22:30  Drone x2  
  47  22:31  Drone  
  47  22:33  Drone x2  
  47  22:34  Drone  
  47  22:36  Drone x3  
  56  22:40  Drone x3  
  56  22:42  Drone x3  
  62  22:44  Drone  
  59  23:12  Queen  
  59  23:14  Queen  
  59  23:16  Queen  
  59  23:17  Queen  
  59  23:18  Queen  
  59  23:19  Queen  
  71  23:20  Queen  
  71  23:21  Queen  
  71  23:23  Queen  
  75  24:10  Queen  
  71  24:58  Queen  
  70  25:26  Roach x3  
  76  25:28  Roach  
  76  25:29  Roach x2  
  82  25:35  Spire  
  81  25:44  Hydralisk Den  
  70  26:01  Zergling x10  
  70  26:02  Zergling x2  
  70  26:14  Hydralisk x2  
  70  26:15  Hydralisk x7  
  88  26:20  Hydralisk x3  
  88  26:23  Hydralisk x3  
  98  26:26  Drone x3  
  98  26:44  Hatchery  
Tags
 
Add a new tag
Caveats
  • Supply blocks, unpowered buildings, or Contaminate may cause inaccurate times.
  • Supply counts are checked every 10 seconds.